 Dungeon Sprint DCSS version 0.28.0 (webtiles) character file.

Game seed: 14675035884864928411

3 boopmooplesden the Skirmisher (level 1, -2/20 HPs)
             Began as a Minotaur Fighter on Feb 5, 2022.
             Slain by a human (5 damage)
             ... in the Dungeon (Sprint III: "The Ten Rune Challenge").
             The game lasted 00:00:08 (40 turns).

boopmooplesden the Skirmisher (Minotaur Fighter)      Turns: 40, Time: 00:00:08

Health: -2/20      AC:  7    Str: 20    XL:     1   Next: 41%
Magic:  0/0        EV:  9    Int:  5    God:
Gold:   19         SH:  4    Dex:  9    Spells: 0/0 levels left

rFire   . . .      SeeInvis .   a - +0 war axe
rCold   . . .      Faith    .   c - +0 buckler
rNeg    . . .      Spirit   .   b - +0 scale mail
rPois   .          Reflect  .   (helmet restricted)
rElec   .          Harm     .   (no cloak)
rCorr   .          Rampage  .   (no gloves)
Will    .....      NoTele   +   (no boots)
Stlth   ..........              (no amulet)
HPRegen 0.06/turn               (no ring)
MPRegen 0.07/turn               (no ring)

@: no status effects
A: horns 2, retaliatory headbutt
a: no special abilities


You were in the Dungeon.
You visited 1 branch You collected 19 gold pieces.

Inventory:

Hand Weapons
 a - a +0 war axe (weapon)
Armour
 b - a +0 scale mail (worn)
 c - a +0 buckler (worn)
Scrolls
 j - a scroll of blinking
Potions
 d - a potion of might
 e - a potion of curing
 f - a potion of heal wounds
 g - a potion of haste
 h - 2 potions of magic
 i - a potion of berserk rage


   Skills:
 + Level 4.1 Fighting
 + Level 2.6 Axes
 + Level 4.1 Armour
 + Level 4.1 Shields


You couldn't memorise any spells.
You didn't know any spells.
Your spell library was empty.

Dungeon Overview and Level Annotations

Branches:
Dungeon (1/1)

Altars:


Innate Abilities, Weirdness & Mutations

You have a pair of horns on your head.
You reflexively headbutt those who attack you in melee.


Message History

The endoplasm is almost dead.
You block the endoplasm's attack.
You slash the endoplasm!
You kill the endoplasm!
Your Fighting skill increases to level 4!
Your Armour skill increases to level 4!
Your Shields skill increases to level 4!
You now have 4 gold pieces.
You open the door.
A rat comes into view.
A rat comes into view.
Found 15 gold pieces.
The rat closely misses you. You furiously retaliate!
You headbutt the rat!
You kill the rat!
There is an open door here.
You closely miss the rat. The rat barely misses you.
You hit the rat.
You kill the rat!
You see here a rat corpse.
You now have 19 gold pieces (gained 15).
As you open the door, it creaks loudly!
There is an open door here.
A human comes into view.
The human shouts!
The human hits you.
You hit the human.
The human is lightly wounded.
The human hits you.
You barely miss the human.
The human is lightly wounded.
The human misses you.
You miss the human.
The human is lightly wounded.
The human hits you!
* * * LOW HITPOINT WARNING * * *
You block the human's attack.
You barely miss the human.
The human is lightly wounded.
The human hits you.
You die...

▓.....#
▓.....#...≈≈.♣.♣..#
▓.....#..≈≈≈≈♣....+
▓####'#..≈≈≈≈≈≈...#
▓...†.#.≈≈≈≈≈≈....#
▓.....#.≈≈≈≈≈.....#
▓.....#.≈≈≈.......#
▓'#####...........#
▓..........@p.....#
▓▓▓▓▓▓▓▓▓▓▓▓▓▓▓▓▓▓▓


You could see a human.

Vanquished Creatures
  An endoplasm (D)
  3 rats (D)
4 creatures vanquished.

Notes
Turn   | Place    | Note
-------+----------+-------------------------------------------
     0 | D        | boopmooplesden the Minotaur Fighter began the quest for the
                  | Orb.
     0 | D        | Reached XP level 1. HP: 19/19 MP: 0/0
    40 | D        | Slain by a human

Illustrated notes

Levels and vault maps discovered:
D:        dungeon_sprint_mu [sprint_mu_entry_forest, sprint_mu_temple_rooms,
          sprint_mu_d1_spiders, sprint_mu_d2_genie, sprint_mu_d3_branching,
          sprint_mu_orc_legion, sprint_mu_elf_gauntlet, sprint_mu_hive_nellie,
          sprint_mu_lair_fedhas, sprint_mu_vaults_butterflies,
          sprint_mu_slime_circle, sprint_mu_swamp_cave, sprint_mu_shoals_archi,
          sprint_mu_blade_basic, sprint_mu_crypt_fortress,
          sprint_mu_tomb_spiral, sprint_mu_vestibule_basic,
          sprint_mu_gehenna_hellfire, sprint_mu_dis_giant,
          sprint_mu_tartarus_statrot, sprint_mu_cocytus_islands, sprint_mu_zot1]

Skill      XL: |  1 |
---------------+----+-----
Fighting       | 4 |  4.1
Armour         | 4 |  4.1
Shields        | 4 |  4.1
Axes           | |  2.6

Action                   || total
-------------------------++-------
Melee: War axe           ||     9
Armor: Scale mail        ||     1
Dodge: Dodged            ||     3
Block: Buckler           ||     2
